 Dungeon Crawl Stone Soup version 0.28.0-43-g3370ac3207 (webtiles) character file.

Game seed: 83321563128102343

422 Zeld the Magician (level 6, 0/32 HPs)
             Began as a Deep Elf Fire Elementalist on Mar 12, 2022.
             Slain by a kobold brigand
             ... wielding a +0 whip
              (7 damage)
             ... in a sewer.
             The game lasted 00:04:07 (5114 turns).

Zeld the Magician (Deep Elf Fire Elementalist)      Turns: 5114, Time: 00:04:07

Health: 0/32       AC:  2    Str:  5    XL:     6   Next: 63%
Magic:  7/16       EV: 13    Int: 22    God:
Gold:   79         SH:  0    Dex: 15    Spells: 9/16 levels left

rFire   . . .      SeeInvis .   (no weapon)
rCold   . . .      Faith    .   (no shield)
rNeg    . . .      Spirit   .   a - +0 robe
rPois   .          Reflect  .   (no helmet)
rElec   .          Harm     .   (no cloak)
rCorr   .          Rampage  .   (no gloves)
Will    .....                   (no boots)
Stlth   +++.......              c - amulet of magic regeneration
HPRegen 0.10/turn               n - ring of wizardry
MPRegen 0.55/turn               (no ring)

@: lethally poisoned (0 -> -2)
A: no striking features
a: no special abilities


You were in a sewer.
You visited 1 branch of the dungeon, and saw 5 of its levels.
You also visited: Sewer.

You collected 310 gold pieces.
You spent 231 gold pieces at shops.

Inventory:

Armour
 a - a +0 robe (worn)
Jewellery
 c - an amulet of magic regeneration (around neck)
 n - a ring of wizardry (left hand)
Wands
 m - a wand of polymorph (9)
Scrolls
 g - a scroll of identify
 h - 2 scrolls of teleportation
 k - a scroll of enchant weapon
Potions
 b - 3 potions of curing {unknown}
 d - a potion of resistance {unknown}
 e - a potion of heal wounds {unknown}
 f - 2 potions of invisibility {unknown}
 i - a potion of lignification {unknown}
 j - a potion of mutation {unknown}
 l - a potion of might {unknown}
 o - 3 potions of cancellation {unknown}


   Skills:
 + Level 3.9 Dodging
 + Level 4.2 Stealth
 * Level 5.5 Spellcasting
 + Level 2.8 Conjurations
 * Level 5.2 Fire Magic


You had 9 spell levels left.
You knew the following spells:

 Your Spells              Type           Power      Damage    Failure   Level
a - Foxfire               Conj/Fire      92%        2x1d8     1%          1
b - Scorch                Fire           58%        2d8       1%          2
c - Flame Wave            Conj/Fire      23%        2d7       8%          4

Your spell library contained the following spells:

 Spells                   Type           Power      Damage    Failure   Level
 Magic Dart               Conj           72%        1d6       1%          1
 Searing Ray              Conj           36%        2d5       1%          2
 Conjure Flame            Conj/Fire      23%        6-21      2%          3
 Animate Skeleton         Necr           12%        N/A       4%          1
 Pain                     Necr           24%        1d5       4%          1
 Inner Flame              Hex/Fire       17%        N/A       4%          3
 Ensorcelled Hibernation  Hex/Ice        12%        N/A       6%          2
 Passwall                 Tmut/Erth      5%         N/A       6%          2
 Swiftness                Air            6%         N/A       12%         3
 Vampiric Draining        Necr           6%         2d6       12%         3
 Fulminant Prism          Conj/Hex       6%         3d7       21%         4


Dungeon Overview and Level Annotations

Branches:
Dungeon (5/15)              Sewer (1/1)
 Temple: D:4-7

Altars:
Hepliaklqana

Shops:
D:2 *


Message History

Unknown command.
A wave of flame ripples out!
The flame wave engulfs the kobold brigand.
The kobold brigand is heavily wounded.
The flame wave engulfs the kobold brigand.
The kobold brigand is heavily wounded.
You finish channelling waves of flame.
You feel sick.
The kobold brigand hits you with a +0 whip.
The kobold brigand closely misses you.
Unknown command.
Casting: Flame Wave (quite dangerous; 9% risk of failure)
Confirm with . or Enter, or press ? or * to list all spells.
The spell is quite dangerous to miscast (9% risk of failure)!
Continue anyway?
Casting: Flame Wave (quite dangerous; 9% risk of failure)
Press: ? - help, Dir - look around, f - activate A wave of flame ripples out!
The flame wave engulfs the kobold brigand!
The kobold brigand is almost dead.
The flame wave engulfs the kobold brigand!
The kobold brigand is severely wounded. (Press . to intensify the flame waves.)
You feel sick.
The kobold brigand hits you with a +0 whip.
The kobold brigand misses you.
Unknown command.
A wave of flame ripples out!
The flame wave engulfs the kobold brigand!
You kill the kobold brigand!
The flame wave engulfs the kobold brigand.
The kobold brigand is almost dead.
You feel sick.
The kobold brigand hits you with a +0 whip.
* * * LOW HITPOINT WARNING * * *
Unknown command.
A wave of flame ripples out!
The flame wave engulfs the kobold brigand.
The kobold brigand is almost dead.
You finish channelling waves of flame.
You feel sick.
The kobold brigand hits you with a +0 whip!
You die...

#≈≈≈#...# #≈≈≈#.∩∩#
#≈≈≈'...#
######≈≈≈######
#.!..#≈≈≈#....#
#??∩.#≈≈≈#.∩..#
#.)..#≈≈≈#...)#
#)K).#≈≈≈#.?..#
###@'##≈≈≈##)'##
###.....#≈≈≈#....#
#.......#≈≈≈#≈...###
#.......#≈≈≈≈≈≈....#
#.......#≈≈≈≈≈≈...##
#......P#≈≈≈#P≈...##
#.....≈≈#≈≈≈#≈≈....#
##....≈≈P#≈≈≈#..P...#
#......≈≈≈≈≈≈#......#


You could see a kobold brigand.

Vanquished Creatures
  3 kobold brigands (Sewer)
  An orc priest (D:4)
  An orc wizard (D:4)
  A killer bee zombie (D:3)
  6 adders
  A dart slug (D:3)
  A worm (D:2)
  3 orcs
  10 ball pythons
  3 endoplasms
  7 giant cockroaches
  3 goblins
  6 hobgoblins
  4 jackals (D:1)
  4 quokkas
  3 bats
  5 frilled lizards
  17 kobolds
  3 rats
82 creatures vanquished.

Vanquished Creatures (collateral kills)
  3 foxfires (D:1)
3 creatures vanquished.

Vanquished Creatures (others)
  151 foxfires
  2 plants
153 creatures vanquished.

Grand Total: 238 creatures vanquished

Notes
Turn   | Place    | Note
-------+----------+-------------------------------------------
     0 | D:1      | Zeld the Deep Elf Fire Elementalist began the quest for the
                  | Orb.
     0 | D:1      | Reached XP level 1. HP: 10/10 MP: 6/6
   224 | D:1      | Found a faded altar of an unknown god.
   268 | D:1      | Reached XP level 2. HP: 13/15 MP: 4/8
   271 | D:1      | Learned a level 2 spell: Scorch
  1128 | D:2      | Reached XP level 3. HP: 19/19 MP: 3/10
  1185 | D:2      | Found a hazy altar of Hepliaklqana.
  1607 | D:2      | Found Iteygois's Assorted Antiques.
  1621 | D:2      | Bought a scroll labelled MIMUEDUENK for 26 gold pieces
  1621 | D:2      | Bought a yellow potion for 23 gold pieces
  1621 | D:2      | Bought a scroll labelled XEROXISMABB for 26 gold pieces
  1621 | D:2      | Bought a scroll labelled XAUMIYNYAH for 26 gold pieces
  2023 | D:3      | Reached XP level 4. HP: 24/24 MP: 6/12
  2028 | D:3      | Learned a level 4 spell: Flame Wave
  3046 | D:4      | HP: 1/24 [orc priest/+0 whip (3)]
  3049 | D:4      | Reached XP level 5. HP: 1/28 MP: 2/13
  3618 | D:2      | Bought a moonstone ring for 130 gold pieces
  4199 | D:5      | Entered Level 5 of the Dungeon
  4228 | D:5      | Found a glowing drain.
  4301 | Sewer    | Entered a sewer
  4608 | Sewer    | Reached skill level 5 in Spellcasting
  4670 | Sewer    | Reached XP level 6. HP: 26/32 MP: 11/15
  4837 | Sewer    | Reached skill level 5 in Fire Magic
  5114 | Sewer    | Slain by a kobold brigand

Illustrated notes

Levels and vault maps discovered:
D:1:      lemuel_arrival_room, layout_loops_ring,
          shapermc_ecumenical_altar_hornbeckon, corexii_leaking_fountain,
          lemuel_old_faithful
D:2:      layout_loops_cross, basic_altar, serial_shops, shop
D:3:      layout_loops_cross, amcnicky_mini_pool_small
D:4:      layout_gridville
D:5:      layout_basic, serial_shops, kennysheep_little_box,
          gup_sewer_entry_glass
Sewer:    kennysheep_pipe_town

Skill      XL: |  1  2  3  4  5  6 |
---------------+-------------------+-----
Stealth        | 3 4 |  4.2
Dodging        | 3 |  3.9
Spellcasting   | 4 5 |  5.5
Fire Magic     | 4 5 |  5.2
Conjurations   | 2 |  2.8

Action                   |  1- 3 |  4- 6 || total
-------------------------+-------+-------++-------
Melee: Unarmed           |     1 |     3 ||     4
 Cast: Foxfire           |    91 |    10 ||   101
       Scorch            |     7 |    49 ||    56
       Flame Wave        |       |     3 ||     3
  Use: Scroll            |       |     6 ||     6
 Stab: Sleeping          |       |     1 ||     1
Armor: Robe              |     5 |     4 ||     9
Dodge: Dodged            |    19 |    24 ||    43
